 Dungeon Crawl Stone Soup version 0.32-a0-7-ge934b4519a (webtiles) character file.

Game seed: 17735917106425853020

14133 miscthings the Mimic (level 12, -15/126 HPs)
             Began as an Oni Shapeshifter on Jan 14, 2024.
             Was an Elder of Wu Jian.
             Demolished by a red ugly thing (19 damage)
             ... on level 10 of the Dungeon.
             The game lasted 00:17:05 (10125 turns).

miscthings the Mimic (Oni Shapeshifter)            Turns: 10125, Time: 00:17:06

Health: -15/126    AC: -1    Str: 27    XL:     12   Next: 13%
Magic:  12/12      EV: 21    Int: 11    God:    Wu Jian [****..]
Gold:   499        SH:  0    Dex: 12    Spells: 11/11 levels left

rFire   . . .        s - melded +5 quarterstaff (chaos)
rCold   . . .        (shield currently unavailable)
rNeg    . . .        A - melded +0 troll leather armour
rPois   .            (helmet restricted)
rElec   .            J - +1 cloak
rCorr   .            (gloves unavailable)
SInv    .            (boots unavailable)
Will    +....        a - amulet of the acrobat
Stlth   +            q - +5 ring of evasion
HPRegen 0.41/turn    o - +6 ring of strength
MPRegen 0.13/turn

%: acrobat
@: flux-form, corroded, glowing
A: glow, contaminating, large, unfitting armour, horns 1, tough skin 1, double
potion healing, drunken brawling
a: Begin Untransformation, Renounce Religion, Wall Jump, Serpent's Lash


You were on level 10 of the Dungeon.
You worshipped Wu Jian.
Wu Jian was greatly pleased with you.
You were something dangerously unstable.
You visited 2 branches of the dungeon, and saw 11 of its levels.

You collected 505 gold pieces.
You spent 6 gold pieces at shops.

Inventory:

Hand Weapons
 m - a +1 dagger of venom
 s - a +5 quarterstaff of chaos (melded)
Missiles
 g - 2 curare-tipped darts
 l - 2 throwing nets (quivered)
Armour
 f - +0 acid dragon scales
 x - a +0 tower shield
 A - a +0 troll leather armour (melded)
 I - a +0 robe of willpower
 J - a +1 cloak (worn)
 M - a +0 kite shield
Jewellery
 a - an amulet of the acrobat (around neck)
 o - a +6 ring of strength (right hand)
 q - a +5 ring of evasion (left hand)
 C - a ring of resist corrosion
 H - a ring of protection from cold
Talismans
 c - a beast talisman
 d - a flux talisman (active)
Wands
 r - a wand of iceblast (12)
 t - a wand of light (2)
 L - a wand of polymorph (6)
Scrolls
 e - 3 scrolls of enchant weapon
 h - 3 scrolls of immolation
 k - 4 scrolls of vulnerability
 v - a scroll of amnesia
 w - 2 scrolls of fear {unknown}
 y - a scroll of blinking
 z - a scroll of teleportation
 D - 2 scrolls of revelation
Potions
 b - 4 potions of lignification
 i - 3 potions of curing
 j - 3 potions of might
 n - 5 potions of brilliance
 p - 3 potions of enlightenment
 u - a potion of attraction
 B - a potion of heal wounds
 E - a potion of cancellation
 F - 2 potions of haste
 G - a potion of invisibility
 K - a potion of berserk rage


   Skills:
 + Level 9.7 Fighting
 + Level 7.0 Dodging
 * Level 10.0 Unarmed Combat
 + Level 5.8 Evocations
 + Level 10.2 Shapeshifting


You had 11 spell levels left.
You didn't know any spells.
Your spell library contained the following spells:

 Spells                   Type           Power      Damage    Failure   Level
 Magic Dart               Conj           0%         1d3       34%         1
 Slow                     Hex            0%         N/A       34%         1
 Blink                    Tloc           0%         N/A       47%         2
 Call Imp                 Summ           0%         N/A       47%         2
 Lesser Beckoning         Tloc           0%         N/A       47%         2
 Momentum Strike          Conj/Tloc      0%         3d8       47%         2
 Confusing Touch          Hex            0%         N/A       71%         3
 Gell's Gravitas          Tloc           0%         N/A       71%         3
 Hailstorm                Conj/Ice       0%         3d5       71%         3
 Ozocubu's Armour         Ice            0%         N/A       71%         3
 Sigil of Binding         Hex            0%         N/A       71%         3
 Summon Ice Beast         Ice/Summ       0%         N/A       71%         3
 Teleport Other           Tloc           0%         N/A       71%         3
 Vampiric Draining        Necr           0%         2d6       71%         3
 Metabolic Englaciation   Hex/Ice        0%         N/A       100%        5
 Sculpt Simulacrum        Ice/Alch       0%         N/A       100%        6


Dungeon Overview and Level Annotations

Branches:
Dungeon (10/15)            Temple (1/1) D:6            Lair (0/5) D:9
    Orc (0/2) D:9

Altars:
Ashenzari
Cheibriados
Dithmenos
Elyvilon
Fedhas
Gozag
Hepliaklqana
Kikubaaqudgha
Makhleb
Nemelex Xobeh
Okawaru
Qazlal
Ru
Sif Muna
Trog
Uskayaw
Vehumet
Wu Jian
Xom
Yredelemnul
Zin

Shops:
D:7 *


Innate Abilities, Weirdness & Mutations

You are something dangerously unstable.
You glow with magical radiation, making you easy to see and hit.
Foes you strike become dangerously contaminated with magical radiation.
You are incapable of wielding weapons or throwing items.
You are too large for most types of armour.
You have a pair of small horns on your head.
You have tough skin. (AC +1)
You gain doubled healing and magic from potions.
Whenever you drink a healing potion, you attack all around you.


Message History

You punch the white ugly thing!
The white ugly thing glows dangerously bright.
You headbutt the white ugly thing.
The white ugly thing is heavily wounded.
You hit the white ugly thing.
The white ugly thing shudders as magic cascades through it!!!
You kill the white ugly thing!
The Council accepts your kill.
Your Dodging skill increases to level 7!
Your Unarmed Combat skill increases to level 10!
An orc knight comes into view. It is wielding a +2 war axe of venom.
You lunge at the brown ugly thing.
You barely miss the brown ugly thing.
The orc knight shouts!
The brown ugly thing misses you.
There is an open door, spattered with blood here.
You closely miss the brown ugly thing.
Your headbutt misses the brown ugly thing.
The brown ugly thing closely misses you.
You hit the brown ugly thing but do no damage.
The brown ugly thing begins to glow.
Your headbutt misses the brown ugly thing.
You hit the brown ugly thing.
The brown ugly thing glows dangerously bright.
You headbutt the brown ugly thing.
The brown ugly thing is lightly wounded.
The brown ugly thing pecks you.
* * * LOW HITPOINT WARNING * * *
The acid corrodes you!
You are splashed with acid!
* * * LOW HITPOINT WARNING * * *
You hit the brown ugly thing but do no damage.
The brown ugly thing shudders as magic cascades through it.
The brown ugly thing basks in the mutagenic energy and changes!
The red ugly thing is lightly wounded.
You hit the red ugly thing.
The red ugly thing begins to glow.
You headbutt the red ugly thing.
The red ugly thing is lightly wounded.
The red ugly thing trunk-slaps you!
* * * LOW HITPOINT WARNING * * *
You are engulfed in flames!!
You die...

##....###...###### #.
##<...###........ #..
##...####...###+### #..#
#....###..##.#.#.## ..#
###...#..##.#.#.#.###.# .
# ##....##.#.#.#.#.#.# ..
## ##...#.#.#.#.#.#..#...
.#######
##..##.#.#.#.#)#...⌠.
.......##
#..pu#.#.#.#.#[.#
#####...##
##..##o#.#.#.#u#.#
###..####...#.#.#.#.#u#.##
#.........##.#.#.#.#.##
##...####..##.#.#.#.##
##### ##..##.#.#.##
##..###+### ##.......#
##..###...#


You could see an orc knight and a red ugly thing (contam).

Vanquished Creatures
  Erica (D:9)
  A two-headed ogre (D:9)
  The ghost of hgbash the Conjurer, a novice DrCj of Hepliaklqana (D:8)
  Pikel (D:7)
  A deep elf pyromancer (D:10)
  2 ugly things (D:10)
  An unseen horror (D:10)
  A komodo dragon (D:9)
  A troll (D:8)
  A hornet (D:7)
  Grinder (D:5)
  Sigmund (D:3)
  2 wraiths (D:10)
  A shadow (D:10)
  A wyvern (D:7)
  A fire bat (D:9)
  30 yaks
  A vampire (D:10)
  Grum (D:8)
  Edmund (D:4)
  3 acid dragons
  3 water moccasins
  A hell hound (D:9)
  2 sky beasts
  2 black bears
  6 orc warriors
  3 lemures (D:7)
  3 wolves (D:8)
  3 centaurs
  A phantom (D:6)
  3 kobold brigands
  A bullfrog (D:8)
  3 gnoll sergeants
  2 scorpions
  9 killer bees
  A bombardier beetle (D:3)
  2 hounds
  5 orc priests
  Crazy Yiuf (D:2)
  Jessica (D:2)
  6 orc wizards
  3 iguanas
  Terence (D:3)
  Robin (D:2)
  10 gnolls
  3 adders
  2 shadow imps
  A white imp (D:5)
  4 ufetubi (D:6)
  3 ribbon worms
  8 dart slugs
  36 orcs
  8 bats
  4 endoplasms
  10 goblins
  8 hobgoblins
  2 jackals (D:4)
  23 kobolds
  3 quokkas
  6 ball pythons
  5 frilled lizards
  5 rats
258 creatures vanquished.

Notes
Turn   | Place    | Note
-------+----------+-------------------------------------------
     0 | D:1      | miscthings the Oni Shapeshifter began the quest for the
                  | Orb.
     0 | D:1      | Reached XP level 1. HP: 19/19 MP: 1/1
    80 | D:1      | Reached XP level 2. HP: 24/27 MP: 2/2
   683 | D:1      | Reached XP level 3. HP: 31/33 MP: 3/3
   880 | D:2      | Noticed Robin
  1011 | D:2      | Found a faded altar of an unknown god.
  1098 | D:2      | Noticed Jessica
  1105 | D:2      | Killed Jessica
  1106 | D:2      | Reached XP level 4. HP: 38/41 MP: 4/4
  1305 | D:2      | Found a runed translucent door.
  1306 | D:2      | Noticed Crazy Yiuf
  1314 | D:2      | Killed Crazy Yiuf
  1315 | D:2      | Reached skill level 5 in Shapeshifting
  1392 | D:2      | Killed Robin
  1397 | D:2      | Reached XP level 5. HP: 48/48 MP: 5/5
  1815 | D:3      | Noticed Terence
  1818 | D:3      | Killed Terence
  1928 | D:5      | Entered Level 5 of the Dungeon
  1975 | D:5      | Noticed an acid dragon
  1980 | D:5      | Killed an acid dragon
  1981 | D:5      | Reached XP level 6. HP: 29/55 MP: 6/6
  2087 | D:5      | Found a hazy altar of Hepliaklqana.
  2142 | D:5      | HP: 2/55 [gnoll/+0 flail[a gnoll sergeant] (5)]
  2395 | D:5      | Noticed a black bear
  2402 | D:5      | Killed a black bear
  2403 | D:5      | Reached XP level 7. HP: 52/62 MP: 7/7
  2651 | D:5      | Noticed Grinder
  2686 | D:5      | Killed Grinder
  2818 | D:5      | Reached skill level 1 in Evocations
  2818 | D:5      | Reached XP level 8. HP: 64/74 MP: 8/8
  3121 | D:6      | Found a hide-covered altar of Uskayaw.
  3264 | D:6      | Found a staircase to the Ecumenical Temple.
  3274 | Temple   | Entered the Ecumenical Temple
  3285 | Temple   | Became a worshipper of the Wu Jian Council
  3584 | D:6      | Found a broken altar of Ashenzari.
  4096 | D:4      | Noticed Edmund
  4106 | D:4      | Killed Edmund
  4821 | D:3      | Found an iron altar of Okawaru.
  4909 | D:3      | Noticed Sigmund
  4914 | D:3      | Killed Sigmund
  4915 | D:3      | Reached skill level 5 in Unarmed Combat
  4915 | D:3      | Reached XP level 9. HP: 85/85 MP: 9/9
  4970 | D:3      | Reached * piety under Wu Jian
  5570 | D:7      | Noticed a hornet
  5575 | D:7      | Killed a hornet
  5617 | D:7      | Reached skill level 5 in Fighting
  5941 | D:7      | Found Beagejar's CLEARANCE SALE!.
  5949 | D:7      | Bought a scroll of identify for 6 gold pieces
  6180 | D:7      | Reached ** piety under Wu Jian
  6528 | D:8      | Noticed Pikel
  6753 | D:7      | Killed Pikel
  6754 | D:7      | Reached XP level 10. HP: 33/100 MP: 10/10
  7307 | D:8      | Noticed Grum
  7314 | D:8      | Killed Grum
  7546 | D:8      | Reached skill level 5 in Dodging
  7781 | D:8      | Found a runed translucent gate.
  7781 | D:8      | Found a runed translucent gate.
  7781 | D:8      | Found a runed translucent gate.
  7781 | D:8      | Noticed hgbash's ghost (novice DrCj)
  7797 | D:8      | Killed hgbash's ghost
  8305 | D:9      | Found a staircase to the Lair.
  8466 | D:9      | Noticed a two-headed ogre
  8475 | D:9      | Killed a two-headed ogre
  8476 | D:9      | Reached XP level 11. HP: 80/111 MP: 11/11
  8484 | D:9      | Noticed Erica
  8502 | D:9      | Killed Erica
  8658 | D:9      | Reached *** piety under Wu Jian
  8886 | D:9      | Found a staircase to the Orcish Mines.
  8913 | D:9      | Reached skill level 5 in Evocations
  9048 | D:9      | Found a blossoming altar of Fedhas.
  9124 | D:9      | Found a shimmering altar of Xom.
  9235 | D:9      | Found a radiant altar of Vehumet.
  9272 | D:9      | Identified the +5 rapier of Internal Strife {flame, Will+++
                  | MP+9 Str-2 Int-4}
  9280 | D:9      | You fall into a shaft and drop 1 floor!
  9280 | D:10     | Entered Level 10 of the Dungeon
  9429 | D:10     | Found a sparkling altar of Nemelex Xobeh.
  9475 | D:10     | Reached skill level 10 in Shapeshifting
  9764 | D:9      | Reached **** piety under Wu Jian
  9973 | D:10     | Noticed a deep elf pyromancer
  9983 | D:10     | Killed a deep elf pyromancer
  9984 | D:10     | Reached XP level 12. HP: 58/124 MP: 12/12
 10119 | D:10     | Reached skill level 10 in Unarmed Combat
 10125 | D:10     | HP: 4/126 [red ugly thing (11)]
 10125 | D:10     | Demolished by a red ugly thing

Illustrated notes

Levels and vault maps discovered:
D:1:      ncdulo_watergridlock, layout_basic, kennysheep_boxes
D:2:      layout_loops_ring, shapermc_ecumenical_altar_gd,
          uniq_crazy_yiuf_cottage, uniq_robin, uniq_jessica
D:3:      layout_basic, okawaru_gym_becter, roderic_batcave, uniq_terence,
          uniq_sigmund
D:4:      layout_layer_cave, uniq_edmund
D:5:      wander_river, layout_rooms, mainiacjoe_overflow_24_doors,
          nrook_mini_vaults, uniq_grinder
D:6:      layout_basic, nicolae_overflow_crystal_walls,
          nicolae_uskayaw_murder_on_the_dancefloor,
          minmay_temple_entry_large_hall
D:7:      layout_cave_pods, serial_rivers, chequers_serial_rivers_micro_d,
          chequers_serial_rivers_large_a, chequers_serial_rivers_small_a,
          chequers_serial_rivers_small_a, chequers_serial_rivers_small_3,
          chequers_serial_rivers_small_3, grunt_ministairs_14,
          nicolae_shop_clearance
D:8:      layout_cave_pods, ebering_ghost_rock_garden, serial_bayou_pond_a,
          uniq_grum, uniq_pikel
D:9:      layout_gridville, mainiacjoe_overflow_alcove_2,
          regret_index_xom_of_box, fedhas_altar_fruit_tree, david_lair_shrubbed,
          david_orc_5, uniq_erica
D:10:     minmay_the_grid_octo_triangle [minmay_the_grid_octo_77,
          minmay_the_grid_octo_prize_square_snowflake,
          minmay_the_grid_octo_checkered], layout_layer_cave,
          nicolae_tso_swordbearing_angel, nemelex_diamond_rough_becter,
          hangedman_decor_diamond_cutter, minivault_13, uniq_erolcha
Temple:   nicolae_temple_bog_church

Skill      XL: |  1  2  3  4  5  6  7  8  9 10 11 12 |
---------------+-------------------------------------+-----
Shapeshifting  | 4 5 6 7 8 9 10 | 10.2
Fighting       | 2 4 6 8 9 |  9.7
Dodging        | 2 3 4 5 6 7 |  7.0
Unarmed Combat | 3 5 6 8 9 10 | 10.0
Evocations     | 1 2 3 4 5 |  5.8

Action                     |  1- 3 |  4- 6 |  7- 9 | 10-12 || total
---------------------------+-------+-------+-------+-------++-------
  Melee: Unarmed           |    53 |       |   333 |   433 ||   819
         Headbutt          |    11 |     9 |    53 |    99 ||   172
         Punch             |     1 |       |       |       ||     1
         Dagger            |    21 |     7 |       |       ||    28
         Quarterstaff      |       |    54 |    19 |       ||    73
  Throw: Throwing net      |       |     1 |       |       ||     1
Ability: Lunge             |       |       |    14 |    23 ||    37
         Whirlwind         |       |       |     5 |    50 ||    55
         Begin Untransform |       |       |       |     1 ||     1
  Evoke: Wand              |       |     4 |     1 |     1 ||     6
    Use: Scroll            |       |     9 |     8 |     6 ||    23
         Potion            |       |     2 |       |     1 ||     3
   Stab: Held in net/web   |       |     1 |       |       ||     1
         Sleeping          |       |     1 |       |       ||     1
         Paralysed         |       |     3 |       |       ||     3
 Armour: Animal skin       |    32 |    37 |    15 |       ||    84
         Skin              |       |       |   132 |   133 ||   265
  Dodge: Dodged            |    33 |    53 |   358 |   302 ||   746
   Form: Flux              |       |       |     1 |     1 ||     2

Table legend: (Time is in decaauts)
 A = Elapsed time spent in this place.
 B = Non-inter-level travel time spent in this place.
 C = Inter-level travel time spent in this place.
 D = Time resting spent in this place.
 E = Time spent auto-exploring this place.
 F = Levels seen in this place.
 G = Mean time per level.
                   A        B        C        D        E       F      G
               +--------+--------+--------+--------+--------+-----+--------+
         Total |  10080 |   9739 |    341 |   2081 |   5679 |  11 |  916.4 |
       Dungeon |  10058 |   9738 |    320 |   2081 |   5679 |  10 | 1005.8 |
        Temple |     22 |      2 |     20 |      0 |      0 |   1 |   22.0 |
               +--------+--------+--------+--------+--------+-----+--------+

Top non-repeatable levels by time:
     D:7: 1600 daAuts
     D:8: 1244 daAuts
     D:9: 1232 daAuts
     D:5: 1057 daAuts
     D:4: 958 daAuts
     D:2: 935 daAuts
     D:6: 930 daAuts
     D:1: 862 daAuts
    D:10: 669 daAuts
     D:3: 568 daAuts
  Temple: 22 daAuts
